 Dungeon Crawl Stone Soup version 0.22-a0-866-geee50340df (webtiles) character file.

2500 Flugkiller the Summoner (level 9, -1/59 HPs)
             Began as a Mummy Summoner on July 28, 2018.
             Was an Initiate of Gozag.
             Slain by an orc warrior
             ... wielding a +0 short sword
              (11 damage)
             ... on level 8 of the Dungeon.
             The game lasted 00:21:52 (13177 turns).

Flugkiller the Summoner (Mummy Summoner)           Turns: 13177, Time: 00:21:53

Health: -1/59      AC:  4    Str: 11    XL:     9   Next: 28%
Magic:  17/24      EV: 12    Int: 17    God:    Gozag
Gold:   1295       SH:  0    Dex: 13    Spells: 2/16 levels left

rFire    x . .     SeeInvis +   f - +1 spear (freeze)
rCold    + . .     Gourm    .   (no shield)
rNeg     + + +     Faith    .   a - +0 robe
rPois    ∞         Spirit   .   m - +0 helmet
rElec    .         Reflect  .   (no cloak)
rCorr    .         Harm     .   (no gloves)
MR       +....                  r - +0 pair of boots
Stlth    ++........             (no amulet)
HPRegen  0.19/turn              g - ring of see invisible
MPRegen  0.19/turn              s - ring of magical power

@: no status effects
A: no food or potions, fire vulnerability, cold resistance 1, negative energy
resistance 3, torment resistance, unbreathing
a: Potion Petition, Call Merchant, Bribe Branch, Renounce Religion


You were on level 8 of the Dungeon.
You worshipped Gozag.
Gozag was most pleased with you.
You were not hungry.

You visited 2 branches of the dungeon, and saw 9 of its levels.
You also visited: Ossuary.

You collected 1356 gold pieces.
You paid 61 gold pieces to Gozag.

Inventory:

Hand Weapons
 f - a +1 spear of freezing (weapon)
Armour
 a - a +0 robe (worn)
 m - a +0 helmet (worn)
 r - a +0 pair of boots (worn)
Jewellery
 g - a ring of see invisible (left hand)
 j - an uncursed ring of ice
 s - a ring of magical power (right hand)
Wands
 k - a wand of disintegration (11)
 n - a wand of flame (30)
Scrolls
 b - a scroll of blinking
 c - 5 scrolls of remove curse
 d - a scroll of enchant armour
 e - 4 scrolls of amnesia
 h - a scroll of fear {unknown}
 i - 2 scrolls of magic mapping
 l - a scroll of immolation
 o - 6 scrolls of identify
 p - 2 scrolls of noise {unknown}
 q - a scroll of teleportation
 t - a scroll of fog {unknown}


   Skills:
 + Level 1.2 Fighting
 - Level 1.5 Dodging
 - Level 1.5 Stealth
 - Level 4.0 Spellcasting
 + Level 8.7 Summonings
 - Level 5.0 Ice Magic
 + Level 3.5 Air Magic


You had 2 spell levels left.
You knew the following spells:

 Your Spells              Type           Power        Failure   Level  Hunger
a - Summon Small Mammal   Summ           ####         1%          1    N/A
b - Call Imp              Summ           ####....     1%          2    N/A
c - Call Canine Familiar  Summ           ####....     1%          3    N/A
d - Summon Ice Beast      Ice/Summ       ####....     10%         4    N/A
e - Summon Lightning Spi  Summ/Air       ###.....     13%         4    N/A

Your spell library contained the following spells:

 Spells                   Type           Power        Failure   Level  Hunger
 Summon Guardian Golem    Hex/Summ       ###.....     8%          3    N/A

Dungeon Overview and Level Annotations

Branches:
Dungeon (8/15)             Temple (1/1) D:5
   Lair: D:8-11

Altars:
Ashenzari
Cheibriados
Dithmenos
Elyvilon
Fedhas
Gozag
Kikubaaqudgha
Nemelex Xobeh
Vehumet
Wu Jian
Xom
Zin
The Shining One


Innate Abilities, Weirdness & Mutations

You do not eat or drink.
Your flesh is vulnerable to fire.
You are immune to poison.
Your flesh is cold resistant. (rC+)
You are immune to negative energy. (rN+++)
You are immune to unholy pain and torment.
You can survive without breathing.


Message History

The bolt of electricity hits your lightning spire.
Your lightning spire completely resists.
You hit the orc warrior but do no damage.
The orc warrior is moderately wounded.
The orc warrior barely misses you.
You barely miss the orc warrior.
The orc warrior is moderately wounded.
The orc warrior hits you but does no damage.
You hit the orc warrior but do no damage.
The orc warrior is moderately wounded.
The orc warrior hits you with a short sword!
You completely miss the orc warrior.
The orc warrior is moderately wounded.
The orc warrior hits you with a short sword!
* * * LOW HITPOINT WARNING * * *
You barely miss the orc warrior.
The orc warrior is moderately wounded.
The orc warrior hits you with a short sword!
You die...
Your body crumbles into a pile of gold.

#......# .. #. ....####.# .# #
###.# #.## .. # #.# #..# # ## ###
# .# #.# ##.# #. ... # .# #.# #.#
#.###.# ## #.# #.# #..Y..# #. #.#
#.#####8#### #.
######.#####..))@oo$..# $$ $ #.
..........##..#######$#$ ##.
#######..........# .o.$$ $ #..
..............##.# ###########)
.....))..####.##.# #.##.##..
#############.##.#########.#.#.#.
###...........##................<
..#.###########..............###.
#.#.# #........###########..# #.


You could see an orc warrior, an orc and a friendly lightning spire.

Vanquished Creatures
  A bullfrog (D:8)
  A scorpion (D:8)
  A centaur zombie (Ossuary)
  A hound (D:8)
  An iguana (D:7)
  An ogre zombie (Ossuary)
  A hound skeleton (D:7)
  A gnoll (D:6)
  2 adders
  An adder zombie (Ossuary)
  A dart slug (D:1)
  A leopard gecko (D:8)
  4 orcs
  A hobgoblin (D:2)
  3 jackals
  3 goblin zombies (Ossuary)
  6 hobgoblin zombies (Ossuary)
  2 kobolds
  2 kobold zombies (Ossuary)
  An orc zombie (Ossuary)
  A quokka zombie (Ossuary)
36 creatures vanquished.

Vanquished Creatures (collateral kills)
  4 hogs (D:7)
  A human (D:7)
  A hungry ghost (D:7)
  An ice beast (D:6)
  3 porcupines (D:8)
  4 sky beasts
  3 orc warriors
  6 ogres
  A big kobold (D:8)
  2 bullfrogs
  An elf zombie (Ossuary)
  A scorpion (D:7)
  5 wights (D:8)
  A bullfrog zombie (D:8)
  3 centaur zombies
  A crimson imp (D:5)
  2 hounds
  3 jellies
  5 orc wizards
  3 orc priests
  A centaur skeleton (D:4)
  A gnoll shaman (D:8)
  An iguana (D:4)
  3 worker ants
  A killer bee zombie (D:5)
  An ogre zombie (Ossuary)
  7 mummies (Ossuary)
  A hound skeleton (D:4)
  13 gnolls
  4 adders
  2 shadow imps
  An ooze (D:4)
  An adder zombie (Ossuary)
  2 worms (D:4)
  6 leopard geckos
  35 orcs
  A ball python (D:2)
  3 giant cockroaches
  A gnoll zombie (Ossuary)
  12 goblins
  6 hobgoblins
  7 jackals
  10 kobolds
  5 quokkas
  7 bats
  2 frilled lizards
  A goblin zombie (Ossuary)
  2 hobgoblin zombies (Ossuary)
  A quokka skeleton (D:4)
  4 quokka zombies
  6 rats
  2 rat zombies (Ossuary)
201 creatures vanquished.

Vanquished Creatures (others)
  2 worker ants (D:6)
  A leopard gecko (D:6)
  53 fungi (D:8)
  31 plants (D:8)
87 creatures vanquished.

Grand Total: 324 creatures vanquished

Notes
Turn   | Place    | Note
-------+----------+-------------------------------------------
     0 | D:1      | Flugkiller the Mummy Summoner began the quest for the Orb.
     0 | D:1      | Reached XP level 1. HP: 13/13 MP: 4/4
   365 | D:1      | Reached XP level 2. HP: 19/19 MP: 0/6
   425 | D:1      | Learned a level 2 spell: Call Imp
  1515 | D:2      | Found an ornate altar of the Wu Jian Council.
  1605 | D:2      | Reached XP level 3. HP: 24/24 MP: 1/7
  1610 | D:2      | Learned a level 3 spell: Call Canine Familiar
  1760 | D:2      | Found a shattered altar of Ashenzari.
  1943 | D:2      | Reached skill level 4 in Summonings
  2246 | D:2      | Found a white marble altar of Elyvilon.
  2295 | D:2      | Found a faded altar of an unknown god.
  3183 | D:3      | Found a shadowy altar of Dithmenos.
  3424 | D:4      | Reached XP level 4. HP: 18/30 MP: 0/9
  3466 | D:4      | Learned a level 4 spell: Summon Ice Beast
  3738 | D:4      | Found an ancient bone altar of Kikubaaqudgha.
  3990 | D:4      | Noticed an ogre
  3995 | D:4      | Reached skill level 1 in Ice Magic
  3999 | D:4      | Reached XP level 5. HP: 35/35 MP: 7/11
  4040 | D:4      | Killed an ogre
  4283 | D:4      | Found a snail-covered altar of Cheibriados.
  4912 | D:5      | Entered Level 5 of the Dungeon
  4928 | D:5      | Noticed an ogre
  4940 | D:5      | Killed an ogre
  4940 | D:5      | Reached skill level 5 in Summonings
  5036 | D:5      | Noticed an ogre
  5055 | D:5      | Killed an ogre
  5055 | D:5      | Reached XP level 6. HP: 41/41 MP: 6/12
  5218 | D:5      | Found a staircase to the Ecumenical Temple.
  5277 | Temple   | Entered the Ecumenical Temple
  5288 | Temple   | Became a worshipper of Gozag Ym Sagoz the Greedy
  5654 | D:5      | Noticed a sky beast
  5704 | D:5      | Killed a sky beast
  6468 | D:6      | Noticed an orc warrior
  6995 | D:6      | Reached XP level 7. HP: 39/46 MP: 7/13
  7667 | D:6      | Found a shimmering altar of Xom.
  8793 | D:7      | Reached skill level 6 in Summonings
  8846 | D:7      | Found a sand-covered staircase.
  8851 | Ossuary  | Entered an ossuary
  9489 | Ossuary  | Noticed a spatial vortex
  9489 | Ossuary  | Noticed a spatial vortex
  9512 | Ossuary  | Reached skill level 5 in Ice Magic
 10040 | Ossuary  | Reached XP level 8. HP: 34/52 MP: 8/14
 10789 | D:7      | Reached skill level 7 in Summonings
 10810 | D:7      | Found a radiant altar of Vehumet.
 10834 | D:7      | Found a radiant altar of Vehumet.
 11277 | D:7      | Learned a level 4 spell: Summon Lightning Spire
 11295 | D:7      | Reached skill level 1 in Air Magic
 11302 | D:7      | Reached skill level 8 in Summonings
 12540 | D:8      | Reached XP level 9. HP: 55/57 MP: 15/15
 13126 | D:8      | Reached skill level 1 in Fighting
 13177 | D:8      | Slain by an orc warrior

Vault maps used:
D:1:      scummos_arrival_forest
D:2:      old_standard_altar, lemuel_crystal_altar,
          nicolae_ashenzari_panopticon, chequers_ecumenical_altar_simple_redux,
          first_ration
D:3:      nicolae_dithmenos_through_a_glass_darkly
D:4:      cheibrodos_barr_body, lemuel_doored_altar, kennysheep_little_box,
          st_stairs_10, minmay_curled_crystal
D:5:      minmay_temple_entry_poolview
D:6:      xom_confusion_cloud
D:7:      marbit_many_paths, enter_ossuary_5, grunt_livestock,
          vehumet_altar_wand_db
D:8:      due_lair_maze_entry_diamond, special_room
Temple:   nicolae_temple_hex_pool
Ossuary:  ossuary_boxes_badplayer

Skill      XL: |  1  2  3  4  5  6  7  8  9 |
---------------+----------------------------+-----
Spellcasting   | 3 4 |  4.0
Summonings     | 4 5 6 8 |  8.7
Ice Magic      | 1 2 3 5 |  5.0
Air Magic      | 2 3 |  3.5
Fighting       | 1 |  1.2
Dodging        | |  1.5
Stealth        | |  1.5

Action                   |  1- 3 |  4- 6 |  7- 9 || total
-------------------------+-------+-------+-------++-------
Melee: Unarmed           |    54 |    27 |       ||    81
       Spear             |       |       |   315 ||   315
 Cast: Summon Small Mamm |    24 |       |       ||    24
       Call Imp          |    34 |    30 |     4 ||    68
       Call Canine Famil |    22 |    49 |    12 ||    83
       Summon Ice Beast  |       |       |    54 ||    54
       Summon Lightning  |       |       |     9 ||     9
  Use: Scroll            |       |     9 |     1 ||    10
 Stab: Distracted        |       |     1 |     2 ||     3
       Sleeping          |       |       |     5 ||     5
Armor: Robe              |    31 |    13 |    48 ||    92
Dodge: Dodged            |    84 |    41 |   182 ||   307

Table legend:
 A = Spawn XP
 B = Non-spawn XP
 C = Spawn XP percentage of total XP
 D = Spawn monster count
 E = Non-spawn monster count
 F = Spawn count percentage of total count
 G = Total turns spent on level
                    A         B        C        D         E        F      G
               +---------+---------+-------+---------+---------+-------+---------
         Total |       0 |    3572 |   0.0 |       0 |     237 |   0.0 | 13177
               +---------+---------+-------+---------+---------+-------+---------
           D:1 |       0 |      32 |   0.0 |       0 |      27 |   0.0 |  1425
           D:2 |       0 |      53 |   0.0 |       0 |      26 |   0.0 |  1093
           D:3 |       0 |       7 |   0.0 |       0 |       7 |   0.0 |   835
           D:4 |       0 |     213 |   0.0 |       0 |      26 |   0.0 |  1626
           D:5 |       0 |     389 |   0.0 |       0 |      22 |   0.0 |  1954
           D:6 |       0 |     443 |   0.0 |       0 |      21 |   0.0 |  1748
           D:7 |       0 |    1062 |   0.0 |       0 |      23 |   0.0 |  1671
           D:8 |       0 |    1052 |   0.0 |       0 |      48 |   0.0 |  1179
       Ossuary |       0 |     321 |   0.0 |       0 |      37 |   0.0 |  1617
               +---------+---------+-------+---------+---------+-------+---------
